Map: Efflorescence LE

Players

OpuS - Winner!

  • Race: Protoss Protoss
  • League: Platinum
  • Spawn Location: 6:00

Sketchaphone - Winner!

  • Race: Zerg Zerg
  • League: Platinum
  • Spawn Location: 9:00

SlayerSoul

  • Race: Terran Terran
  • League: Diamond
  • Spawn Location: 3:00

MedScape

  • Race: Protoss Protoss
  • League: Platinum
  • Spawn Location: 12:00

VOD

Have the link to the VOD?

Description

Time

  • Played on: Feb. 17, 2019, 8:51 p.m.
  • Length: 16:59
Show
View Real Time Build Order
Export as new Build Order

OpuS Protoss - Winner!

Build Orders: Chargelot Immortal 

Get SALT Encoding   

  12  0:01  Probe  
  13  0:14  Probe  
  14  0:21  Pylon  
  14  0:26  Probe  
  15  0:41  Gateway  
  15  0:43  Probe  
  16  0:52  Probe  
  16  0:57  Assimilator  
  17  0:59  Assimilator  
  17  1:00  Probe  
  18  1:12  Probe  
  18  1:13  Gateway  
  19  1:22  Probe  
  20  1:30  Cybernetics Core  
  20  1:38  Pylon  
  20  1:40  Probe  
  21  1:52  Pylon, Probe  
  22  2:07  Stalker  
  24  2:09  Stalker  
  24  2:14  Warp Gate  
  26  2:16  Probe  
  27  2:27  Robotics Facility  
  27  2:34  Pylon  
  26  2:38  Stalker  
  26  2:41  Stalker  
  30  2:53  Probe  
  31  3:05  Probe  
  32  3:19  Immortal  
  36  3:39  Pylon, Probe  
  36  3:47  Probe  
  38  4:00  Gateway  
  38  4:01  Immortal  
  42  4:04  Gateway  
  42  4:12  Sentry x2  
  45  4:57  Nexus  
  45  4:59  Stalker x3  
  39  5:32  Probe  
  38  5:37  Pylon  
  38  5:39  Stalker x2  
  38  5:40  Stalker  
  44  5:44  Probe  
  45  6:01  Stalker  
  47  6:07  Twilight Council  
  47  6:12  Probe  
  44  6:22  Immortal  
  44  6:24  Probe  
  47  6:36  Probe  
  48  6:42  Probe, Charge  
  48  6:47  Gateway  
  49  6:48  Probe  
  54  7:01  Immortal  
  54  7:07  Probe x2  
  56  7:10  Pylon  
  56  7:15  Stalker  
  58  7:19  Sentry x2  
  62  7:25  Probe x2  
  62  7:29  Pylon  
  64  7:48  Zealot x3  
  64  7:49  Zealot  
  70  7:58  Immortal  
  72  8:00  Probe  
  72  8:02  Probe  
  74  8:10  Pylon  
  74  8:12  Probe  
  75  8:13  Pylon  
  75  8:19  Templar Archives  
  75  8:36  Stalker x2  
  75  8:37  Zealot x2  
  84  8:41  Probe x2  
  84  8:45  Assimilator  
  84  8:47  Assimilator  
  85  8:53  Probe  
  86  9:03  Zealot x4  
  86  9:06  Probe  
  86  9:08  Probe  
  96  9:19  Probe  
  96  9:20  Probe  
  98  9:31  Probe  
  98  9:32  Probe  
  100  9:39  Pylon  
  100  9:41  Pylon  
  100  9:44  Pylon  
  52  10:29  Zealot x4  
  52  10:34  Gateway  
  56  10:39  Gateway  
  56  10:40  Gateway  
  56  10:41  Gateway  
  56  10:48  Robotics Bay  
  56  11:08  Psionic Storm  
  56  11:12  Zealot x3  
  56  11:13  Zealot  
  56  11:17  Nexus  
  64  11:22  Gateway  
  64  11:25  Gateway  
  64  11:26  Gateway  
  64  11:28  Gateway  
  64  11:30  Pylon  
  64  11:33  Probe x2  
  64  11:35  Extended Thermal Lance  
  66  11:50  High Templar x2  
  66  11:51  High Templar x4  
  78  11:54  High Templar  
  78  11:56  High Templar  
  82  12:02  Colossus  
  88  12:12  Probe  
  88  12:14  Probe  
  90  12:22  Zealot x2  
  94  12:24  Probe  
  94  12:26  Probe  
  94  12:28  Blink  
  96  12:38  Probe x2  
  96  12:39  Probe  
  99  12:50  Probe  
  99  12:51  Colossus, Probe x2  
  102  12:56  Stalker  
  110  12:59  Stalker  
  110  13:04  Probe  
  110  13:05  Probe x2  
  115  13:10  Pylon  
  115  13:16  Probe  
  115  13:17  Probe  
  115  13:18  Stalker x2  
  121  13:21  Stalker  
  121  13:22  Probe  
  124  13:27  High Templar  
  124  13:28  Stalker  
  124  13:30  Stalker  
  130  13:37  Stalker x2  
  130  13:40  Stalker  
  135  13:43  Stalker  
  135  13:46  Probe x2  
  129  14:00  Zealot x5  
  129  14:01  Zealot  
  95  14:26  Colossus  
  95  14:29  Zealot  
  95  14:30  Zealot x5  
  95  14:31  Zealot x2  
  115  14:33  Probe  
  115  14:35  Probe  
  115  14:38  High Templar x3  
  121  14:40  High Templar  
  127  14:45  Assimilator  
  127  14:50  Assimilator  
  127  15:07  Forge x2  
  127  15:10  Forge  
  127  15:12  Stalker x3  
  133  15:31  Colossus  
  139  15:45  Zealot  
  139  15:46  Zealot  
  143  15:55  Zealot x3  
  137  16:23  Zealot  
  137  16:24  Zealot x5  
  155  16:39  Zealot  
  157  16:44  Pylon  
Show
View Real Time Build Order
Export as new Build Order

Sketchaphone Zerg - Winner!

Build Orders: Hatch First, Lurkers 

Get SALT Encoding   

  12  0:01  Drone  
  13  0:12  Overlord  
  13  0:17  Drone  
  14  0:25  Drone, Extractor  
  15  0:32  Drone  
  15  0:35  Drone  
  17  0:56  Hatchery  
  16  0:59  Drone  
  16  1:03  Extractor  
  17  1:04  Drone  
  17  1:21  Spawning Pool  
  17  1:25  Drone  
  17  1:26  Drone  
  18  1:33  Drone  
  18  1:39  Overlord  
  19  1:50  Drone  
  20  2:03  Drone  
  20  2:07  Metabolic Boost  
  20  2:08  Queen  
  21  2:11  Drone  
  24  2:15  Queen  
  24  2:19  Drone  
  27  2:29  Roach Warren  
  26  2:34  Drone x2  
  28  2:37  Drone  
  28  2:40  Drone  
  30  2:46  Overlord  
  30  2:55  Drone  
  30  2:56  Drone  
  30  2:57  Overlord  
  32  3:12  Overlord  
  32  3:16  Roach x3  
  38  3:24  Queen  
  40  3:27  Roach  
  40  3:32  Roach  
  40  3:33  Roach  
  46  3:37  Roach  
  48  3:42  Roach  
  48  3:45  Overlord  
  48  3:48  Drone  
  51  3:51  Zergling x2  
  52  4:00  Zergling x2  
  52  4:01  Roach x3  
  59  4:07  Zergling x4  
  61  4:10  Overlord  
  61  4:41  Roach x2  
  65  4:49  Drone x5, Extractor  
  65  4:50  Evolution Chamber x2, Drone  
  65  4:59  Drone x2  
  67  5:00  Drone x2  
  67  5:01  Hatchery  
  67  5:06  Extractor  
  67  5:07  Extractor  
  63  5:29  Drone  
  63  5:30  Drone x2  
  66  5:52  Drone  
  66  5:53  Drone x6  
  66  5:55  Lair  
  66  5:56  Zerg Missile Weapons Level 1, Zerg Ground Armor Level 1  
  55  6:31  Drone x5, Hatchery  
  55  6:32  Queen  
  59  6:37  Zergling x2  
  59  6:39  Zergling x2  
  63  7:05  Infestation Pit  
  63  7:07  Drone x16  
  78  7:16  Hydralisk Den  
  77  7:22  Nydus Network  
  77  7:25  Zergling x4  
  78  7:32  Queen  
  80  7:37  Pneumatized Carapace  
  80  7:40  Extractor  
  80  7:41  Drone x3  
  80  7:42  Extractor  
  80  7:43  Overlord x3  
  81  7:44  Queen  
  81  7:45  Overlord  
  81  7:47  Overlord  
  81  7:48  Overlord  
  81  7:49  Overlord  
  81  7:50  Overlord  
  83  8:09  Zerg Missile Weapons Level 2  
  83  8:10  Zerg Ground Armor Level 2  
  83  8:16  Evolution Chamber  
  106  8:25  Roach x4  
  114  8:43  Zerg Melee Weapons Level 1  
  114  8:46  Lurker Den  
  113  8:49  Overlord, Drone x2  
  113  8:50  Overlord  
  113  8:51  Overlord  
  113  8:52  Overlord  
  113  8:53  Hydralisk x4  
  113  8:55  Hydralisk  
  125  8:59  Grooved Spines  
  125  9:07  Nydus Canal  
  136  9:55  Drone x4  
  136  10:00  Nydus Canal  
  136  10:08  Hydralisk  
  136  10:09  Hydralisk x13  
  136  10:10  Muscular Augments  
  164  10:20  Glial Reconstitution  
  158  10:24  Hydralisk x2  
  158  10:25  Hydralisk  
  152  10:41  Hydralisk x3  
  158  10:45  Lurker  
  158  10:46  Overlord x2  
  159  10:54  Nydus Canal  
  159  11:02  Lurker  
  159  11:03  Lurker  
  158  11:04  Roach x6  
  158  11:05  Roach  
  158  11:07  Zergling x6  
  158  11:08  Overlord x2  
  175  11:20  Overlord  
  174  11:48  Zergling x18  
  174  11:53  Overlord  
  183  12:02  Roach  
  183  12:03  Roach x7  
  199  12:09  Extractor  
  199  12:12  Extractor  
  199  12:15  Zergling x4  
  199  12:19  Hive  
  199  12:20  Burrow  
  199  12:21  Zerg Melee Weapons Level 2  
  199  12:23  Hatchery  
  192  12:33  Ravager x2  
  194  12:47  Nydus Canal  
  194  13:01  Nydus Network  
  193  13:08  Nydus Canal  
  193  13:37  Lurker x4  
  193  13:38  Lurker  
  198  13:48  Overlord x2  
  180  14:03  Roach x10  
  164  14:25  Hydralisk  
  162  14:31  Zergling x8  
  162  14:32  Zergling x44  
  162  14:37  Adrenal Glands  
  188  14:46  Nydus Canal  
  188  14:59  Queen  
  188  15:24  Zergling x2  
  188  15:25  Zergling x20  
  199  15:34  Nydus Canal  
  182  15:38  Roach, Hydralisk x5  
  182  15:39  Hydralisk x2  
  187  15:50  Hydralisk x3  
  190  15:57  Roach  
  190  15:58  Roach  
  183  16:07  Hatchery  
  183  16:10  Hydralisk x3  
  186  16:12  Roach  
  186  16:13  Roach x6  
  186  16:15  Hatchery  
  198  16:19  Roach  
  198  16:21  Hatchery  
  192  16:28  Roach  
  192  16:31  Hydralisk x3  
  197  16:43  Spire  
Show
View Real Time Build Order
Export as new Build Order

SlayerSoul Terran 

Build Orders:  

Get SALT Encoding   

  12  0:00  SCV  
  13  0:13  SCV  
  14  0:18  Supply Depot  
  14  0:25  SCV  
  15  0:30  Refinery  
  15  0:42  Barracks  
  15  0:47  SCV  
  16  0:59  SCV  
  17  1:12  SCV  
  18  1:29  Orbital Command  
  18  1:31  Reaper  
  19  1:50  Barracks  
  19  1:55  SCV  
  20  2:04  Factory  
  20  2:08  SCV  
  21  2:15  Refinery  
  21  2:20  SCV  
  21  2:21  Barracks Tech Lab  
  22  2:29  Supply Depot  
  22  2:32  SCV  
  23  2:46  Concussive Shells  
  23  2:51  Marauder, SCV  
  26  3:02  Marine, Widow Mine  
  26  3:03  SCV, Command Center  
  30  3:14  Engineering Bay  
  30  3:20  Marine  
  30  3:26  Supply Depot  
  31  3:39  Barracks  
  31  3:41  Stimpack  
  31  3:48  Marauder, SCV  
  34  3:53  Supply Depot  
  34  3:57  Barracks Reactor  
  34  4:05  Factory Tech Lab  
  34  4:09  Marauder  
  36  4:13  Starport, SCV  
  37  4:22  Bunker  
  37  4:29  Siege Tank  
  37  4:30  Marine  
  41  4:32  Marine  
  42  4:44  Marine  
  43  4:46  Refinery  
  43  4:57  Marauder, Marine  
  46  5:04  Orbital Command  
  45  5:19  Marauder  
  40  5:26  Reaper  
  40  5:27  Reaper, Marine  
  37  5:40  Marauder  
  37  5:42  Siege Tank  
  42  5:45  Marine  
  40  5:58  Marine  
  39  6:07  Marauder, Marine x2  
  43  6:16  Marine  
  44  6:27  Marine  
  44  6:28  Marauder  
  44  6:30  SCV  
  48  6:38  SCV  
  49  6:42  SCV  
  50  6:49  Barracks Reactor  
  50  6:50  Marauder, SCV  
  50  6:52  Starport Reactor  
  50  6:54  SCV, Supply Depot  
  53  6:56  Siege Tank  
  57  7:02  SCV  
  57  7:06  SCV  
  59  7:11  Marauder  
  59  7:14  SCV  
  62  7:18  SCV  
  62  7:19  Supply Depot  
  62  7:20  Combat Shield  
  63  7:24  Refinery  
  63  7:26  SCV  
  63  7:27  Command Center  
  64  7:30  Viking  
  64  7:31  SCV  
  64  7:33  Marauder, Supply Depot  
  69  7:39  SCV  
  69  7:40  Siege Tank  
  73  8:06  Marauder, Marine x3  
  73  8:08  SCV  
  79  8:17  Barracks  
  79  8:19  Barracks  
  79  8:20  Barracks, SCV  
  79  8:22  Medivac x2  
  79  8:23  Barracks  
  84  8:27  Marauder  
  84  8:34  Marine, Supply Depot  
  85  8:49  Marauder  
  85  8:51  Terran Infantry Weapons Level 1  
  85  8:52  Medivac  
  85  8:54  Engineering Bay, Siege Tank  
  92  9:03  Armory  
  92  9:10  Marauder  
  94  9:35  Marauder, Marine x2  
  94  9:37  Barracks Tech Lab x2  
  98  9:38  Barracks Reactor  
  98  9:39  Barracks Reactor  
  88  9:56  Marauder  
  76  10:02  Marauder, Marine x2  
  76  10:03  Marauder, Marine x2  
  81  10:16  Marine  
  81  10:18  Marauder  
  82  10:24  Marauder x2, Marine  
  82  10:25  Marine x3  
  82  10:33  Terran Infantry Armor Level 1  
  80  10:37  Terran Vehicle Weapons Level 1  
  80  10:39  Marauder  
  82  10:45  Marauder x2  
  67  10:52  Liberator x2  
  73  11:12  Supply Depot  
  73  11:26  Marauder, Marine  
  76  11:40  Marauder, Marine  
  79  11:51  SCV x2  
  79  11:52  Medivac  
  83  12:10  Orbital Command  
  83  12:14  Terran Infantry Weapons Level 2  
  83  12:22  Siege Tank  
  86  12:25  SCV  
  87  12:31  Sensor Tower  
  87  12:35  SCV  
  88  12:37  SCV  
  89  12:47  SCV  
  89  12:48  Marine x2  
  89  12:51  Terran Infantry Armor Level 2  
  92  12:59  SCV  
  93  13:11  SCV  
  94  13:23  SCV  
  95  13:36  SCV  
  95  13:37  Sensor Tower  
  95  13:38  Medivac x2  
  95  13:41  Marauder  
  102  13:53  Marine x2  
  102  13:54  Marauder, Marine x2  
  102  13:55  Marauder  
  58  14:29  Marauder x3, Marine x2  
  58  14:30  Siege Tank  
  61  14:36  Command Center  
  61  14:47  Marine  
  61  14:48  Marine  
  61  14:50  Marauder  
  65  15:10  Marine  
  65  15:11  Marauder x2  
  65  15:12  Factory  
  44  15:43  Siege Tank  
  44  15:57  Marine  
Show
View Real Time Build Order
Export as new Build Order

MedScape Protoss 

Build Orders:  

Get SALT Encoding   

  12  0:01  Probe  
  13  0:13  Probe  
  14  0:20  Pylon  
  14  0:25  Probe  
  15  0:38  Probe  
  16  0:43  Gateway  
  16  0:48  Probe  
  16  0:52  Assimilator  
  16  0:56  Probe  
  17  1:02  Assimilator  
  18  1:04  Probe  
  19  1:15  Probe  
  20  1:21  Pylon  
  20  1:23  Probe  
  20  1:30  Gateway  
  21  1:37  Cybernetics Core  
  21  1:43  Probe  
  22  1:55  Pylon, Probe  
  22  1:57  Warp Gate  
  23  2:08  Probe  
  24  2:16  Gateway  
  24  2:19  Adept  
  26  2:23  Adept  
  28  2:31  Probe  
  29  2:55  Nexus  
  29  3:04  Pylon  
  29  3:07  Shield Battery  
  29  3:16  Twilight Council  
  29  3:17  Probe  
  30  3:29  Probe  
  31  3:35  Robotics Facility  
  31  3:41  Probe  
  31  3:43  Shield Battery  
  32  3:49  Shield Battery  
  32  3:54  Probe  
  33  3:56  Adept  
  33  4:01  Adept  
  37  4:10  Adept  
  37  4:14  Probe  
  39  4:22  Probe  
  40  4:31  Stalker x2  
  45  4:55  Probe  
  45  4:58  Gateway  
  46  5:01  Probe  
  46  5:03  Gateway  
  46  5:04  Probe, Assimilator  
  46  5:06  Gateway  
  47  5:08  Pylon  
  46  5:16  Stalker x2  
  48  5:27  Sentry  
  38  5:40  Stalker  
  38  5:41  Stalker  
  34  5:59  Stalker x3  
  34  6:00  Stalker  
  36  6:18  Stalker  
  36  6:23  Pylon  
  38  6:26  Pylon  
  38  6:28  Pylon  
  38  6:45  Robotics Bay  
  38  6:46  Observer  
  39  7:12  Robotics Facility  
  39  7:13  Nexus  
  39  7:18  Probe  
  40  7:23  Robotics Facility  
  40  7:28  Probe  
  40  7:35  Disruptor  
  44  7:38  Charge  
  44  7:51  Adept  
  46  7:53  Adept  
  46  7:54  Disruptor  
  51  8:13  Disruptor  
  54  8:29  Stalker  
  54  8:31  Probe  
  54  8:32  Adept  
  58  8:39  Probe  
  59  8:46  Forge  
  59  8:47  Probe  
  61  8:59  Probe  
  61  9:01  Disruptor  
  65  9:04  Disruptor  
  68  9:14  Probe  
  69  9:19  Assimilator  
  69  9:24  Observer  
  69  9:26  Probe  
  70  9:34  Zealot x2  
  70  9:35  Zealot x2  
  78  9:40  Probe  
  67  10:29  Stalker x4  
  67  10:32  Probe  
  75  10:38  Gravitic Boosters  
  75  10:40  Probe  
  77  11:05  Pylon  
  77  11:08  Pylon  
  77  11:10  Pylon  
  77  11:12  Pylon  
  77  11:20  Protoss Ground Weapons Level 1  
  77  11:26  Gateway x2  
  77  11:32  Disruptor  
  71  11:39  Stalker x3  
  77  11:50  Nexus  
  77  12:02  Probe  
  77  12:03  Pylon  
  77  12:07  Disruptor  
  81  12:10  Probe  
  82  12:20  Probe  
  77  12:42  Zealot x3  
  77  12:43  Zealot  
  85  12:44  Probe  
  86  12:53  Probe  
  87  13:06  Stalker x4  
  95  13:20  Disruptor x2  
  58  14:27  Stalker x6  
  70  14:33  Disruptor x2  
  70  14:36  Probe  
  76  14:44  Probe  
  78  14:54  Zealot x4, Probe  
  87  15:03  Nexus  
  87  15:06  Probe  
  88  15:19  Probe  
  89  15:31  Probe  
  87  15:37  Stalker x5  
  93  15:51  Disruptor  
  77  16:21  Disruptor  
  66  16:33  Zealot x3  
  66  16:34  Zealot x2  
Tags
 
Add a new tag
Caveats
  • Supply blocks, unpowered buildings, or Contaminate may cause inaccurate times.
  • Supply counts are checked every 10 seconds.